 Dungeon Crawl Stone Soup version 0.30-a0-726-gd89dcf765f (webtiles) character file.

Game seed: 3887969491893684942

924 timneilson the Shield-Bearer (level 8, -8/48 HPs)
             Began as a Gargoyle Fighter on Jan 29, 2023.
             Was a Follower of Okawaru.
             Killed by divine providence
             ... invoked by an orc priest
              (14 damage)
             ... on level 5 of the Dungeon.
             The game lasted 00:06:41 (3512 turns).

timneilson the Shield-Bearer (Gargoyle Fighter)     Turns: 3512, Time: 00:06:41

Health: -8/48      AC: 19    Str: 21    XL:     8   Next: 10%
Magic:  9/9        EV:  6    Int: 10    God:    Okawaru [*.....]
Gold:   152        SH:  9    Dex:  9    Spells: 7/7 levels left

rFire   . . .      SeeInvis .    a - +1 long sword
rCold   . . .      Faith    .    m - +1 kite shield
rNeg    + . .      Spirit   .    k - +0 chain mail
rPois   ∞          Reflect  .    i - +0 helmet
rElec   +          Harm     .    (no cloak)
rCorr   .          Rampage  .    (no gloves)
Will    .....                    j - +1 pair of boots Stlth
                                 (no amulet)
HPRegen 0.28/turn                (no ring)
MPRegen 0.11/turn                (no ring)

@: no status effects
A: sickness immunity, AC +5, negative energy resistance 1, electricity
resistance, torment resistance 1, petrification resistance
a: Renounce Religion, Heroism


You were on level 5 of the Dungeon.
You worshipped Okawaru.
Okawaru was aware of your devotion.
You visited 2 branches of the dungeon, and saw 6 of its levels.
You also visited: Ossuary.

You collected 152 gold pieces.

Inventory:

Hand Weapons
 a - a +1 long sword (weapon)
Armour
 i - a +0 helmet (worn)
 j - a +1 pair of boots (worn)
 k - a +0 chain mail (worn)
 m - a +1 kite shield (worn)
Scrolls
 d - a scroll of enchant armour
 q - a scroll of fear
Potions
 b - 2 potions of haste
 c - 2 potions of brilliance
 e - a potion of mutation {unknown}
 f - a potion of cancellation
 g - 2 potions of lignification
 h - a potion of invisibility {unknown}
 l - a potion of ambrosia {unknown}
 n - a potion of berserk rage {unknown}
 o - a potion of curing
 p - a potion of attraction {unknown}


   Skills:
 + Level 4.6 Fighting
 * Level 4.3 Long Blades
 * Level 5.6 Armour
 + Level 2.1 Dodging
 * Level 5.7 Shields
 + Level 2.6 Invocations


You had 7 spell levels left.
You didn't know any spells.
Your spell library contained the following spells:

 Spells                   Type           Power      Damage    Failure   Level
 Cause Fear               Hex            0%         N/A       100%        4
 Dragon Form              Tmut           0%         N/A       100%        7
 Dragon's Call            Summ           Unusable   N/A       N/A         9

Dungeon Overview and Level Annotations

Branches:
Dungeon (5/15)             Temple (1/1) D:4         Ossuary (visited)

Altars:
Ashenzari
Cheibriados
Dithmenos
Elyvilon
Gozag
Hepliaklqana
Kikubaaqudgha
Makhleb
Nemelex Xobeh
Okawaru
Trog
Uskayaw
Wu Jian
Xom
Yredelemnul
Zin


Innate Abilities, Weirdness & Mutations

You are immune to sickness and miasma.
Your stone body is resilient. (AC +5)
You are immune to poison.
You resist negative energy. (rN+)
You are resistant to electric shocks. (rElec)
You are resistant to unholy torment.
You are immune to petrification.


Message History

Partly explored, can't reach some places.
Partly explored, can't reach some places.
As you read the scroll of identify, it crumbles to dust.
g - 2 potions of lignification Really walk onto that alarm trap?
You set off the alarm!
The alarm trap emits a blaring wail!
A sentinel's mark forms upon you.
You see here a potion of degeneration.
Done exploring.
There is an open door here.
There is an open door here.
There is an empty arch of ancient stone here.
There is a gate leading back out of this place here.
You start waiting.
The sentinel's mark upon you fades away.
Welcome back to the Dungeon!
The ice beast hits you but does no damage.
You block the orc's attack.
There is a collapsed entrance here.
The orc priest invokes the aid of Beogh against you.
Beogh smites you!
The ice beast hits you but does no damage.
You block the orc's attack.
The ice beast hits you but does no damage.
The orc priest calls down the wrath of Beogh upon you.
Beogh smites you!
You closely miss the orc priest. The orc priest barely misses you.
The orc priest looks satisfied for a moment.
You block the ice beast's attack. The orc hits you but does no damage.
You hit the orc priest but do no damage.
You block the orc priest's attack. You block the ice beast's attack.
The orc barely misses you.
The orc priest invokes the aid of Beogh against you.
Beogh smites you!
* * * LOW HITPOINT WARNING * * *
The orc barely misses you.
The orc priest calls down the wrath of Beogh upon you.
Beogh smites you!
You die...

.......... ## ..........
...############.........
................# .....
................###.....
......oo...s.o..#.......
######Y########Y...##..
#o# #........ ###@###
#...##... ##..oY.##
#o..# . #8.....8# #..##
##.....## #Yo#
############Y.#
#...........#
#..........#
#..........#
#....##....o#######


You could see 2 ice beasts, 2 orc priests and 2 orcs.

Vanquished Creatures
  Grinder (D:3)
  A black bear (D:4)
  A phantom (D:5)
  3 scorpions
  A howler monkey (D:5)
  3 centaur zombies (Ossuary)
  2 human zombies (Ossuary)
  3 mummies (Ossuary)
  5 adders
  4 gnolls
  3 worms
  A dart slug (D:2)
  5 orcs
  2 bats
  4 endoplasms
  3 giant cockroaches
  4 hobgoblins
  7 jackals
  8 kobolds
  A quokka (D:4)
  4 ball pythons
  3 frilled lizards
  4 goblins
  2 hobgoblin zombies (Ossuary)
  A kobold zombie (Ossuary)
  7 rats
  A spectral kobold (D:4)
84 creatures vanquished.

Notes
Turn   | Place    | Note
-------+----------+-------------------------------------------
     0 | D:1      | timneilson the Gargoyle Fighter began the quest for the
                  | Orb.
     0 | D:1      | Reached XP level 1. HP: 14/14 MP: 1/1
    33 | D:1      | Reached XP level 2. HP: 19/19 MP: 2/2
   379 | D:1      | Reached XP level 3. HP: 23/23 MP: 3/3
   828 | D:2      | You fall into a shaft and drop 2 floors!
   832 | D:4      | Noticed a scorpion
   833 | D:4      | Found a staircase to the Ecumenical Temple.
   852 | D:4      | Killed a scorpion
   853 | D:4      | Reached XP level 4. HP: 20/29 MP: 4/4
   869 | Temple   | Entered the Ecumenical Temple
   876 | Temple   | Reached skill level 1 in Dodging
   944 | Temple   | Became a worshipper of Warmaster Okawaru
  1111 | D:4      | Reached XP level 5. HP: 32/33 MP: 5/5
  1634 | D:3      | Noticed Grinder
  1715 | D:3      | Paralysed by Grinder for 2 turns
  1726 | D:3      | Paralysed by Grinder for 5 turns
  1738 | D:3      | Paralysed by Grinder for 4 turns
  1755 | D:3      | Paralysed by Grinder for 5 turns
  1763 | D:3      | Killed Grinder
  1764 | D:3      | Reached skill level 1 in Invocations
  1764 | D:3      | Reached XP level 6. HP: 16/38 MP: 6/6
  1865 | D:3      | Found a white marble altar of Elyvilon.
  2624 | D:4      | Noticed a black bear
  2638 | D:4      | Killed a black bear
  2638 | D:4      | Reached * piety under Okawaru
  2639 | D:4      | Reached skill level 5 in Shields
  2639 | D:4      | Reached XP level 7. HP: 35/43 MP: 8/8
  2771 | D:4      | Found a hazy altar of Hepliaklqana.
  2857 | D:5      | Entered Level 5 of the Dungeon
  2901 | D:5      | Reached skill level 5 in Armour
  3001 | D:5      | HP: 1/44 [orc priest/divine providence (14)]
  3018 | D:5      | Found a sand-covered staircase.
  3035 | Ossuary  | Entered an ossuary
  3345 | Ossuary  | Reached XP level 8. HP: 48/48 MP: 9/9
  3512 | D:5      | Killed from afar by an orc priest

Illustrated notes

Levels and vault maps discovered:
D:1:      zelgadis_glass_arrival_small, layout_rooms, serial_glass,
          glass_columns_c, glass_columns_c, item_on_display_a, feat_on_display,
          minmay_strange_pillars, hangedman_abyss_or_decor_lesser_grid
D:2:      layout_loops_ring, kennysheep_generic_room_9
D:3:      layout_basic, mainiacjoe_overflow_boulevard, uniq_grinder
D:4:      layout_basic, nicolae_hepliaklqana_monster_ancestors,
          minmay_temple_entry_sparse_star
D:5:      layout_cave_pools, gammafunk_temple_overflow_forgotten,
          kennysheep_little_box, chequers_ossuary_entry_cave
Temple:   eino_temple_water

Skill      XL: |  1  2  3  4  5  6  7 |
---------------+----------------------+-----
Long Blades    | 2 3 4 |  4.3
Armour         | 4 5 |  5.6
Shields        | 4 5 |  5.7
Dodging        | 1 2 |  2.1
Fighting       | 4 |  4.6
Invocations    | 1 2 |  2.6

Action                     |  1- 3 |  4- 6 |  7- 9 || total
---------------------------+-------+-------+-------++-------
  Melee: Long sword        |    89 |   154 |   191 ||   434
    Use: Scroll            |     6 |     3 |     2 ||    11
         Potion            |     1 |     2 |     3 ||     6
 Armour: Scale mail        |    59 |    75 |       ||   134
         Chain mail        |       |    24 |   154 ||   178
  Dodge: Dodged            |    51 |    51 |    51 ||   153
  Block: Buckler           |    15 |       |       ||    15
         Kite shield       |    31 |    73 |   103 ||   207

Table legend: (Time is in decaauts)
 A = Elapsed time spent in this place.
 B = Non-inter-level travel time spent in this place.
 C = Inter-level travel time spent in this place.
 D = Time resting spent in this place.
 E = Time spent auto-exploring this place.
 F = Levels seen in this place.
 G = Mean time per level.
                   A        B        C        D        E       F      G
               +--------+--------+--------+--------+--------+-----+--------+
         Total |   3658 |   3566 |     92 |     41 |   2328 |   7 |  522.6 |
       Dungeon |   2920 |   2842 |     78 |     21 |   1839 |   5 |  584.0 |
        Temple |    233 |    219 |     14 |      0 |    193 |   1 |  233.0 |
       Ossuary |    504 |    504 |      0 |     20 |    296 |   1 |  504.0 |
               +--------+--------+--------+--------+--------+-----+--------+

Top non-repeatable levels by time:
     D:2: 863 daAuts
     D:3: 836 daAuts
     D:4: 581 daAuts
 Ossuary: 504 daAuts
     D:1: 446 daAuts
  Temple: 233 daAuts
     D:5: 192 daAuts
